 Dungeon Crawl Stone Soup version 0.31.0-1-g2c135a0 (webtiles) character file.

Game seed: 9684373699681370212

3464 frustrationSimulator the Trooper (level 9, -1/53 HPs)
             Began as a Spriggan Hunter on Apr 12, 2024.
             Was an Initiate of Gozag.
             Shot with an arrow by a centaur (8 damage)
             ... on level 8 of the Dungeon.
             The game lasted 00:20:36 (8212 turns).

frustrationSimulator the Trooper (Spriggan Hunter)  Turns: 8212, Time: 00:20:37

Health: -1/53      AC:  4    Str:  7    XL:     9   Next: 78%
Magic:  10/10      EV: 23    Int: 10    God:    Gozag
Gold:   1750       SH:  2    Dex: 23    Spells: 8/8 levels left

rFire   . . .        u - +5 quick blade "Hell-Harrower" {freeze, +Blink rElec}
rCold   . . .        (no shield)
rNeg    . . .        c - +0 robe
rPois   +            D - melded +1 hat
rElec   +            (cloak currently unavailable)
rCorr   .            (gloves unavailable)
SInv    +            (boots unavailable)
Will    +....        (no amulet)
Stlth   ++           A - ring of the Octopus King {HP+2 AC+2 EV+2 SH+2 SInv}
HPRegen 0.28/turn    y - ring of poison resistance
MPRegen 0.12/turn

%: no passive effects
@: beast-form, very quick
A: beast (slay +3), very small, no large weapons, unfitting armour, see
invisible, speed 3
a: Begin Untransformation, Renounce Religion, Evoke Blink, Potion Petition, Call
Merchant, Bribe Branch


You were on level 8 of the Dungeon.
You worshipped Gozag.
Gozag was most pleased with you.
You were a hulking beast.
You visited 1 branch of the dungeon, and saw 8 of its levels.
You also visited: Sewer.

You collected 1983 gold pieces.
You spent 196 gold pieces at shops.
You paid 37 gold pieces to Gozag.

Inventory:

Hand Weapons
 f - a +0 shortbow
 u - the +5 quick blade "Hell-Harrower" (weapon) {freeze, +Blink rElec}
   (You acquired it on level 6 of the Dungeon)

   rElec:     It insulates you from electricity.
   +Blink:    It lets you blink.
 w - a +3 dagger of electrocution
 W - a +3 dagger of venom
Missiles
 s - a throwing net
Armour
 c - a +0 robe (worn)
 D - a +1 hat (melded)
Jewellery
 i - a ring of fire
 q - a ring of flight
 y - a ring of poison resistance (right hand)
 A - a ring of the Octopus King (left hand) {HP+2 AC+2 EV+2 SH+2 SInv}
   (You found it on level 7 of the Dungeon)

   [ring of see invisible]

   AC+2:      It affects your AC (+2).
   EV+2:      It affects your evasion (+2).
   HP+2:      It affects your health (+2).
   SInv:      It lets you see invisible.
   SH+2:      It affects your SH (+2).
Talismans
 t - a beast talisman (active)
Wands
 B - a wand of iceblast (6)
 C - a wand of flame (22)
Scrolls
 a - 3 scrolls of noise
 b - a scroll of butterflies
 h - 2 scrolls of teleportation
 j - 3 scrolls of blinking
 p - a scroll of poison
 v - a scroll of fear
 x - a scroll of fog
Potions
 d - 7 potions of degeneration
 e - a potion of resistance
 g - 3 potions of mutation
 k - 2 potions of lignification
 l - 2 potions of might
 m - 2 potions of heal wounds
 n - a potion of curing
 o - a potion of haste
 r - 2 potions of enlightenment
 z - 2 potions of brilliance


   Skills:
 * Level 7.7 Fighting
 + Level 6.6 Short Blades
 + Level 7.4 Ranged Weapons
 - Level 5.0 Dodging
 - Level 1.5 Stealth
 + Level 6.0 Shapeshifting


You had 8 spell levels left.
You didn't know any spells.
Your spell library contained the following spells:

 Spells                   Type           Power      Damage    Failure   Level
 Freeze                   Ice            0%         1d3       36%         1
 Sting                    Conj/Alch      0%         1d3       36%         1
 Mercury Vapours          Alch/Air       0%         N/A       50%         2
 Frozen Ramparts          Ice            0%         1d1       75%         3
 Hailstorm                Conj/Ice       0%         3d5       75%         3
 Olgreb's Toxic Radiance  Alch           0%         N/A       98%         4


Dungeon Overview and Level Annotations

Branches:
Dungeon (8/15)             Temple (0/1) D:7           Sewer (visited)
   Lair: D:8-11

Altars:
Dithmenos
Elyvilon
Gozag
Kikubaaqudgha
Makhleb
Nemelex Xobeh
Okawaru
Ru
Trog
Uskayaw
Vehumet
Wu Jian
Yredelemnul

Shops:
D:3 *   D:7 [

Annotations:
D:3 3 runed translucent doors, Punchie's ghost, weakling MiBe
D:4 2 transporters, BackgroundCharacter's ghost, amateur DsGl


Innate Abilities, Weirdness & Mutations

You are a hulking beast.
Your limbs bulge with bestial killing power. (Slay +3)
You are very small and have problems with some larger weapons.
You are too small for most types of armour.
You have supernaturally acute eyesight. (SInv)
You cover ground extremely quickly. (Speed+++)


Message History

a +0 dagger; a +0 robe You now have 1737 gold pieces (gained 24).
There is an open door, spattered with blood here.
Things that are here:
a +0 club; a +0 leather armour; a +0 club You now have 1750 gold pieces (gained 13).
There is an open door, spattered with blood here.
Things that are here:
a +0 club; a +0 leather armour; a +0 club As you open the door, it creaks loudly!
You hear a shout!
Something shouts, "Tremble, thou foisting crook-pated crunchlet!"
A centaur comes into view.
Something shouts, "Slither home, thou erky ill-nurtured bootlicker!"
A steam dragon, a wyvern and a white imp come into view.
Found a crooked lead wand.
The steam dragon hisses angrily.
The centaur wields a +0 shortbow.
The centaur shoots an arrow.
The arrow barely misses you.
There is an open door here.
Found a wand of iceblast (9).
The centaur shoots an arrow.
The arrow closely misses you.
A white imp comes into view.
The centaur shoots an arrow.
You block the arrow.
The centaur shoots an arrow.
The arrow hits you! The white imp gestures at you. The puff of frost hits you.
You hit the steam dragon. You freeze the steam dragon.
You hit the steam dragon but do no damage.
The steam dragon is lightly wounded.
The wyvern bites you! The white imp gestures at you.
The puff of frost hits you! The steam dragon completely misses you.
The steam dragon claws you.
You are too injured to fight recklessly!
The steam dragon breathes steam at you. The ball of steam misses you.
The centaur shoots an arrow.
The arrow hits you!
* * * LOW HITPOINT WARNING * * *
The centaur shoots an arrow.
The arrow hits you!
You die...
Your body crumbles into a pile of gold.

###...##.....##.#
##.....#.......#..
#......#.......#
###...))..._...+
##...#.......#
##..#..§....#
#####.§...##
#.###§####
#...h§k..#
#./###.§..## #
##§5..#
#.cD......#
#..........
............
.............
......../......
.......##......


You could see a steam dragon (catching breath), a wyvern, a centaur and a white
imp.

Vanquished Creatures
  Grinder (D:6)
  A vampire (D:8)
  Eustachio (D:5)
  3 water moccasins
  2 orc warriors
  3 ice beasts
  2 black bears
  3 ogres
  A phantom (D:6)
  2 centaurs
  2 bullfrogs (D:8)
  A gnoll sergeant (D:8)
  3 scorpions
  An electric eel (D:6)
  A howler monkey (D:7)
  4 hounds
  3 orc priests
  A gnoll bouda (D:4)
  2 jellies (D:5)
  A sleepcap (D:5)
  3 iguanas
  5 orc wizards
  19 gnolls
  12 adders
  3 river rats (Sewer)
  3 shadow imps
  2 white imps (D:6)
  5 ufetubi (D:5)
  2 adder zombies (D:3)
  6 ribbon worms
  4 dart slugs
  27 orcs
  16 ball pythons
  10 bats (Sewer)
  6 endoplasms
  3 giant cockroaches
  5 goblins
  7 hobgoblins
  2 jackals (Sewer)
  6 quokkas
  3 frilled lizards
  4 kobolds
  6 rats
197 creatures vanquished.

Vanquished Creatures (others)
  An orc wizard (D:5)
1 creature vanquished.

Grand Total: 198 creatures vanquished

Notes
Turn   | Place    | Note
-------+----------+-------------------------------------------
     0 | D:1      | frustrationSimulator the Spriggan Hunter began the quest
                  | for the Orb.
     0 | D:1      | Reached XP level 1. HP: 10/10 MP: 2/2
   451 | D:1      | Reached XP level 2. HP: 15/15 MP: 3/3
  1093 | D:2      | Reached XP level 3. HP: 19/19 MP: 4/4
  1378 | D:2      | Reached skill level 1 in Short Blades
  1430 | D:3      | Found an opulent altar of Gozag.
  1498 | D:3      | Became a worshipper of Gozag Ym Sagoz the Greedy
  1524 | D:3      | Identified the +1 short sword "Teec" {pain, ^Fragile Will++
                  | Int+4}
  1526 | D:3      | Found Otsurr's Assorted Antiques.
  1566 | D:3      | Reached XP level 4. HP: 12/23 MP: 5/5
  1760 | D:3      | Found a glowing drain.
  1794 | Sewer    | Entered a sewer
  1867 | Sewer    | Reached XP level 5. HP: 10/28 MP: 6/6
  2726 | D:3      | Found a runed translucent gate.
  2726 | D:3      | Found a runed translucent gate.
  2726 | D:3      | Found a runed translucent gate.
  2726 | D:3      | Noticed Punchie's ghost (weakling MiBe)
  2728 | D:3      | Found a basalt altar of Yredelemnul.
  2786 | D:3      | Found a sacrificial altar of Ru.
  2792 | D:3      | Found an iron altar of Okawaru.
  2795 | D:3      | Found a shadowy altar of Dithmenos.
  2891 | D:3      | Reached XP level 6. HP: 25/33 MP: 7/7
  3044 | D:3      | Found an ancient bone altar of Kikubaaqudgha.
  3257 | D:4      | Found a sparkling altar of Nemelex Xobeh.
  3276 | D:4      | Found a transporter.
  3280 | D:4      | Noticed BackgroundCharacter's ghost (amateur DsGl)
  3412 | D:4      | Found a transporter.
  3674 | D:4      | Noticed an orc warrior
  3703 | D:4      | Killed an orc warrior
  3704 | D:4      | Reached skill level 5 in Ranged Weapons
  4200 | D:4      | Reached XP level 7. HP: 38/38 MP: 8/8
  4284 | D:4      | Reached skill level 5 in Dodging
  4315 | D:4      | Found a burning altar of Makhleb.
  4388 | D:5      | Entered Level 5 of the Dungeon
  4482 | D:5      | Reached skill level 1 in Shapeshifting
  4607 | D:5      | Found a white marble altar of Elyvilon.
  4765 | D:5      | Reached skill level 5 in Fighting
  4893 | D:5      | Found a hide-covered altar of Uskayaw.
  4914 | D:5      | Reached XP level 8. HP: 43/43 MP: 9/9
  5086 | D:5      | Noticed Eustachio
  5132 | D:5      | Killed Eustachio
  5345 | D:5      | Reached skill level 5 in Short Blades
  6439 | D:6      | Noticed Grinder
  6448 | D:6      | Paralysed by Grinder for 4 turns
  6464 | D:6      | Reached XP level 9. HP: 37/49 MP: 10/10
  6723 | D:6      | Killed Grinder
  6724 | D:6      | Reached skill level 5 in Shapeshifting
  6871 | D:6      | Identified a scroll of acquirement
  6871 | D:6      | Acquired the +5 quick blade "Hell-Harrower" {freeze, +Blink
                  | rElec}
  7419 | D:7      | Found a staircase to the Ecumenical Temple.
  7521 | D:7      | Found an ornate altar of the Wu Jian Council.
  7611 | D:7      | Found the ring of the Octopus King
  7621 | D:7      | Identified a ring of the Octopus King {HP+2 AC+2 EV+2 SH+2
                  | SInv}
  7713 | D:7      | Found Orac's Antique Armour Shop.
  7722 | D:7      | Bought a runed hat for 196 gold pieces
  8061 | D:8      | Found a bloodstained altar of Trog.
  8134 | D:8      | Found a radiant altar of Vehumet.
  8212 | D:8      | Shot with an arrow by a centaur

Illustrated notes

Levels and vault maps discovered:
D:1:      lightli_arrival_statuegarden, layout_loops_corners
D:2:      layout_basic, hangedman_abyss_or_decor_stabs
D:3:      layout_rooms, nicolae_yredelemnul_ghost_church, marbit_many_paths,
          lemuel_tele_altar, minitemple, serial_shops, shop,
          gup_sewer_entry_glass
D:4:      layout_loops_ring, nicolae_overflow_crystal_walls,
          makhleb_blood_cavern_becter, gammafunk_ghost_stat_death
D:5:      minmay_polygon_palace, layout_basic, old_standard_altar,
          mainiacjoe_overflow_concentric_impassable, uniq_eustachio
D:6:      layout_basic, serial_bayou_pond_b, uniq_grinder
D:7:      layout_basic, mainiacjoe_overflow_brackets, minmay_temple_entry_wispy,
          serial_shops, nicolae_stop_n_shop_2
D:8:      layout_cave_pools, mainiacjoe_overflow_tiny_flanked,
          mainiacjoe_overflow_catwalk, nicolae_vehumet_altar_sigil,
          lair_entry_dummy

Skill      XL: |  1  2  3  4  5  6  7  8  9 |
---------------+----------------------------+-----
Fighting       | 2 3 4 5 6 7 |  7.7
Dodging        | 3 4 5 |  5.0
Short Blades   | 1 2 3 4 5 6 |  6.6
Ranged Weapons | 5 6 7 |  7.4
Shapeshifting  | 2 4 6 |  6.0
Stealth        | |  1.5

Action                     |  1- 3 |  4- 6 |  7- 9 || total
---------------------------+-------+-------+-------++-------
  Melee: Dagger            |    12 |   135 |   144 ||   291
         Punch             |       |     1 |     3 ||     4
         Quick blade       |       |       |   111 ||   111
   Fire: Shortbow          |   111 |   125 |   154 ||   390
         Sling             |     1 |       |       ||     1
Ability: Begin Untransform |       |       |     1 ||     1
    Use: Scroll            |     6 |     6 |     7 ||    19
   Stab: Distracted        |       |     1 |     1 ||     2
         Sleeping          |       |     2 |     3 ||     5
 Armour: Robe              |     8 |    47 |    76 ||   131
  Dodge: Dodged            |    29 |   142 |   203 ||   374
  Block: Other             |       |       |     2 ||     2
   Form: Beast             |       |       |     2 ||     2
